 Dungeon Crawl Stone Soup version 0.16.1 (webtiles) character file.

112359 Sixotanaka the Devastator (level 16, -12/76 HPs)
             Began as a Deep Elf Fire Elementalist on Mar 27, 2015.
             Was the Champion of Vehumet.
             Killed from afar by Nikola (24 damage)
             ... with a chain lightning
             ... on level 1 of the Snake Pit.
             The game lasted 03:02:58 (45194 turns).

Sixotanaka the Devastator (DEFE)                   Turns: 45194, Time: 03:02:58

Health: -12/76     AC: 13    Str:  5    XL:     16   Next: 11%
Magic:  37/41      EV: 22    Int: 26    God:    Vehumet [******]
Gold:   2754       SH:  7    Dex: 17    Spells: 10 memorised, 16 levels left

rFire  + + +     SeeInvis .     a - staff of fire {!a}
rCold  + . .     Clarity  .     S - +2 robe {rC+}
rNeg   + . .     SustAb   .     q - +2 buckler {rF+}
rPois  +         Gourm    .     m - +2 helmet of Chay {rF+ rN+ Dex-3}
rElec  .         Spirit   .     n - +0 cloak {rPois}
rCorr  .         Warding  .     r - +1 pair of gloves {Dex+3}
rMut   .         Stasis   .     K - +2 pair of boots
MR     +....                    G - amulet of regeneration
Stlth  ++........               V - +5 ring of evasion
                                d - ring of poison resistance

@: delayed fireball, repel missiles, somewhat resistant to hostile enchantments,
unstealthy
A: hooves 1
a: Renounce Religion, Release Delayed Fireball


You were on level 1 of the Snake Pit.
You worshipped Vehumet.
Vehumet was exalted by your worship.
You were not hungry.

You visited 4 branches of the dungeon, and saw 29 of its levels.
You also visited: Ice Cave and Volcano.

You collected 3903 gold pieces.
You spent 1149 gold pieces at shops.


Innate Abilities, Weirdness & Mutations

You have large cloven feet.


   Skills:
 - Level 7.4 Dodging
 - Level 2.4 Stealth
 - Level 4.2 Shields
 - Level 18.4 Spellcasting
 - Level 20.2 Conjurations
 + Level 12.6 Fire Magic
 - Level 7.0 Poison Magic
 - Level 4.0 Evocations


You had 16 spell levels left.
You knew the following spells:

 Your Spells              Type           Power        Failure   Level  Hunger
c - Fireball              Conj/Fire      ########..   1%          5    None
d - Repel Missiles        Chrm/Air       ###...       2%          2    None
i - Bolt of Draining      Conj/Necr      ######....   1%          5    None
o - Delayed Fireball      Conj/Fire      N/A          1%          7    #####..
u - Ignite Poison         Fire/Trmt      ######....   1%          5    None
v - Sticky Flame          Conj/Fire      ########     1%          4    None
x - Throw Flame           Conj/Fire      ######       0%          2    None
y - Conjure Flame         Conj/Fire      ########     0%          3    None
z - Flame Tongue          Conj/Fire      #####        0%          1    None
X - Poisonous Cloud       Conj/Pois/Air  ######....   2%          6    ###....


Dungeon Overview and Level Annotations

Branches:
Dungeon (15/15)            Temple (0/1) D:6            Lair (8/8) D:10
 Shoals (0/5) Lair:5        Snake (2/5) Lair:5        Slime (0/6) Lair:8
    Orc (4/4) D:9             Elf (0/3) Orc:3        Vaults (0/5) D:14
 Depths: D:15

Altars:
Elyvilon
Fedhas
Gozag
Makhleb
Okawaru
Vehumet
Xom
Yredelemnul
Zin
Jiyva

Shops:
D:12 *   D:13 =   Orc:2 }   Orc:3 (   Orc:4 [}!:

Portals:
Trove: D:11 (lose all piety)

Annotations:
D:3 Sigmund
D:8 Gastronok
D:15 Louise
Lair:2 Fiveotanaka's ghost, powerful MfGl
Snake:1 Aizul; Nikola

Inventory:

Hand weapons
 b - a +3 halberd of freezing
   (You took it off a wight on level 10 of the Dungeon)
 Q - a +0 blowgun
Missiles
 l - 115 poisoned needles
 y - a throwing net (quivered)
 A - 20 curare-tipped needles
 I - 7 needles of sleeping
Armour
 m - the +2 helmet of Chay (worn) {rF+ rN+ Dex-3}
   (You found it on level 13 of the Dungeon)

   It affects your dexterity (-3).
   It protects you from fire.
   It protects you from negative energy.
 n - a +0 cloak of poison resistance (worn)
   (You found it on level 1 of the Snake Pit)
 q - a +2 buckler of fire resistance (worn)
   (You found it in a volcano)
 r - a +1 pair of gloves of dexterity (worn)
   (You found it in an ice cave)
 z - a +1 cloak of cold resistance
   (You found it in an ice cave)
 K - a +2 pair of boots (worn)
 S - a +2 robe of cold resistance (worn)
   (You took it off Psyche on level 8 of the Dungeon)
Magical staves
 a - an uncursed staff of fire (weapon) {!a}
Jewellery
 d - a ring of poison resistance (left hand)
 t - an uncursed ring of teleportation
 G - an amulet of regeneration (around neck)
 M - a +3 ring of protection
 V - a +5 ring of evasion (right hand)
Magical devices
 i - a wand of teleportation (3) {@v4}
 p - a wand of digging (11)
 J - a wand of draining (3)
 Z - a wand of paralysis (12)
Scrolls
 f - 7 scrolls of remove curse {@r2}
 j - 5 scrolls of teleportation {@r4}
 x - 6 scrolls of fear
 B - 2 scrolls of fog
 D - a scroll of holy word
 H - 3 scrolls of recharging
Potions
 e - 6 potions of heal wounds {@q2}
 g - a potion of flight
 h - 2 potions of resistance
 k - 4 potions of agility
 o - 2 potions of cancellation
 s - 8 potions of curing {@q1}
 u - 4 potions of brilliance
 v - 3 potions of might
 w - a potion of berserk rage
 C - 8 potions of haste {@q3}
 T - 2 potions of restore abilities
Books
 E - a book of Debilitation
Miscellaneous
 F - a plain deck of defence {the Elixir}
 L - an ornate deck of changes {the Potion}
 W - a fan of gales
Comestibles
 c - 7 bread rations
 N - 14 fruits
 Y - 10 meat rations

##.................
####...................
)......................#
......................#
..##.........S........###
..######.... #.........#
..# ### ##........# ..#
###.........# ..#
##...@.......# ..#
#............# ...
##.............
.######.......###....
......#.......## ##@
........(.)..##
........)....#
.###........##
##..)>..<.#


You could see Nikola.


Message History

The naga mage seems to speed up.
The black mamba barely misses you.
The bolt of negative energy hits the black mamba.
The black mamba is drained!
You kill the black mamba!
Vehumet accepts your kill. The naga mage spits poison at you.
The splash of poison hits you!
You are poisoned.
You resist.
You feel a surge of power!
The fireball explodes!
The fireball engulfs the naga mage.
You kill the naga mage!
Vehumet accepts your kill.
You feel your power returning.
You feel sick.
A water moccasin comes into view.
You feel a surge of power!
The fireball explodes!
The fireball engulfs the water moccasin.
The bolt of negative energy hits the water moccasin.
The water moccasin is drained!
You kill the water moccasin!
Vehumet accepts your kill.
You feel sick.
You start resting.
You feel sick.
You start resting.
You start resting.
You feel sick.
You start resting.
You feel sick.
You start resting.
You feel sick.
You start resting.
You feel sick.
You are no longer poisoned.
You start resting.
You start resting.
You start waiting.
Done waiting.
Things that are here:
a trident; a naga skeleton
Found a stone staircase leading down.
You open the door.
There is an open door here.
There is an open door here.
You open the door.
There is an open door here.
Found a stone staircase leading down.
There is a stone staircase leading down here.
Things that are here:
a robe; a trident You see here an arrow.
Things that are here:
a robe; a trident You see here a scimitar.
Things that are here:
16 arrows; a shortbow of flaming Aizul is nearby!
Aizul is nearby!
Here: Aizul (hasn't noticed you)
The floor.
You feel a surge of power!
The fireball explodes!
The fireball engulfs Aizul.
Aizul shouts!
Nikola shouts!
Nikola gestures wildly while chanting.
You hear a mighty clap of thunder!
The lightning arc hits you!
The lightning arc hits Nikola.
The lightning arc hits you!
* * * LOW HITPOINT WARNING * * *
The lightning arc hits Nikola.
The lightning arc hits you!
You die...

Action                   |  1- 3 |  4- 6 |  7- 9 | 10-12 | 13-15 | 16-18 || total
-------------------------+-------+-------+-------+-------+-------+-------++-------
Melee: Unarmed           |     1 |       |       |       |       |       ||     1
       Trident           |     8 |    75 |    60 |    93 |       |       ||   236
       Halberd           |       |     2 |       |    15 |     4 |       ||    21
       Staff             |       |       |       |       |     3 |       ||     3
Throw: Stone             |       |     3 |       |       |       |       ||     3
       Throwing net      |       |       |       |     2 |     1 |     1 ||     4
 Cast: Flame Tongue      |    48 |    30 |   178 |   313 |   439 |     1 ||  1009
       Throw Flame       |     9 |    13 |   117 |   129 |   239 |       ||   507
       Conjure Flame     |     1 |    18 |    19 |    23 |    16 |       ||    77
       Fireball          |       |       |    18 |    96 |   201 |    23 ||   338
       Sticky Flame      |       |       |     2 |    60 |   174 |     7 ||   243
       Ignite Poison     |       |       |       |     7 |    79 |       ||    86
       Poisonous Cloud   |       |       |       |    11 |   182 |     1 ||   194
       Bolt of Draining  |       |       |       |       |    67 |     5 ||    72
       Repel Missiles    |       |       |       |       |     6 |     1 ||     7
       Delayed Fireball  |       |       |       |       |     8 |     1 ||     9
 Abil: Release Delayed F |       |       |       |       |     8 |       ||     8
Evoke: Wand              |       |       |       |     6 |     4 |       ||    10
  Use: Scroll            |     2 |     1 |     8 |    25 |    15 |       ||    51
       Potion            |       |     1 |     1 |       |     2 |       ||     4
 Stab: Sleeping          |       |       |       |     1 |       |       ||     1
  Eat: Chunk             |     2 |     7 |    19 |    38 |    61 |       ||   127
       Meat ration       |       |       |     1 |     1 |     3 |       ||     5
       Beef jerky        |       |       |     1 |     3 |     2 |       ||     6
       Royal jelly       |       |       |     2 |       |     1 |       ||     3
       Bread ration      |       |       |       |     1 |     4 |     1 ||     6
       Fruit             |       |       |       |     1 |       |       ||     1
       Pizza             |       |       |       |     3 |     7 |       ||    10

Vault maps used:
D:1:      minmay_arrival_semitransparent, minmay_misc_feat_square
D:2:      first_bread
D:3:      hangedman_feature_mirror, uniq_sigmund, uniq_natasha
D:4:      minitemple, hangedman_abyss_or_decor_slice, uniq_edmund
D:5:      grunt_tough_drop
D:6:      grunt_gozag_statues, minmay_temple_entry_poolview, uniq_duvessa,
          uniq_menkaure
D:7:      basic_altar, uniq_joseph
D:8:      wad_statue_garden, uniq_psyche, uniq_gastronok
D:9:      david_orc_2
D:10:     grunt_lair_entry_elf_guard_hut, grunt_pizzeria, grunt_decor_cap,
          grunt_ministairs_7
D:11:     basic_altar, nicolae_trove_entry_free_sample, minmay_misc_feat_rows,
          uniq_josephine
D:12:     serial_shops, shop, uniq_nergalle
D:13:     minmay_smoke_and_mirrors, serial_shops, shop,
          grunt_decor_mini_mirrors, minmay_st_funbox
D:14:     david_vaults_3, serial_bayou_ford_a, grunt_ministairs_2
D:15:     hangedman_depths_entry_civil_slaughter, minmay_hedge_maze, uniq_louise
Lair:2:   serial_bayou_lake_a, uniq_fannar
Lair:3:   wad_woods_river_03, columned_hall_lemuel
Lair:5:   gammafunk_lair_bear_cave, elwin_shoals_entry_stream,
          dummy_snake_entry, lightli_volcano_entry_magma_tube,
          nicolae_quartered_pool_super, minivault_29,
          infiniplex_staircase_pool_2
Lair:6:   minmay_lair_oklob_chamber, uniq_maud
Lair:7:   uniq_snorg
Lair:8:   wormcave, guppyfry_lair_end_dragon, slime_altar_1, serial_bayou_pond_b
Snake:1:  portal_ice_cave_demonic_guard, grunt_megastairs_2, uniq_nikola,
          uniq_aizul
Snake:2:  st_stairs_7
Orc:1:    mines2_lemuel, uniq_prince_ribbit1
Orc:2:    nicolae_for_you_no_charge
Orc:3:    serial_shops, nicolae_shop_stone, basic_altar,
          nicolae_orc_pool_cavern, uniq_urug
Orc:4:    st_orc_mages
IceCv:    ice_cave_caverns_02
Volcano:  volcano_village

Notes
Turn   | Place    | Note
--------------------------------------------------------------
     0 | D:1      | Sixotanaka, the Deep Elf Fire Elementalist, began the quest for the Orb.
     0 | D:1      | Reached XP level 1. HP: 10/10 MP: 5/5
   323 | D:1      | Reached XP level 2. HP: 15/15 MP: 4/8
   357 | D:1      | Reached skill level 4 in Fire Magic
   425 | D:1      | Learned a level 2 spell: Throw Flame
   903 | D:2      | Reached skill level 2 in Conjurations
   938 | D:2      | Reached XP level 3. HP: 19/19 MP: 0/10
  1256 | D:2      | Learned a level 3 spell: Conjure Flame
  1262 | D:2      | Reached skill level 3 in Conjurations
  1396 | D:2      | Reached XP level 4. HP: 24/24 MP: 6/13
  1804 | D:2      | Reached skill level 4 in Conjurations
  1960 | D:3      | Reached XP level 5. HP: 28/28 MP: 13/16
  2109 | D:3      | Reached skill level 5 in Conjurations
  2159 | D:3      | Noticed Natasha
  2163 | D:3      | Killed Natasha
  2368 | D:3      | Noticed Sigmund
  2430 | D:3      | HP: 5/28 [something/puff of flame (7)]
  2735 | D:4      | Noticed Edmund
  2763 | D:4      | Killed Edmund
  2763 | D:4      | Reached skill level 6 in Conjurations
  2763 | D:4      | Reached XP level 6. HP: 20/32 MP: 6/18
  3070 | D:4      | Noticed Fiveotanaka's ghost (average DsGl)
  3103 | D:4      | Killed Fiveotanaka's ghost
  3103 | D:4      | Reached skill level 7 in Conjurations
  3103 | D:4      | Reached XP level 7. HP: 36/36 MP: 8/20
  3261 | D:4      | Reached skill level 8 in Conjurations
  3522 | D:4      | Found an iron altar of Okawaru.
  3531 | D:4      | Found a shimmering altar of Xom.
  3532 | D:4      | Found a glowing silver altar of Zin.
  3532 | D:4      | Found a burning altar of Makhleb.
  3533 | D:4      | Found a blossoming altar of Fedhas.
  3534 | D:4      | Found a radiant altar of Vehumet.
  3539 | D:4      | Became a worshipper of Vehumet
  3630 | D:5      | Entered Level 5 of the Dungeon
  3694 | D:5      | HP: 8/36 [iguana (13)]
  4068 | D:4      | Learned a level 5 spell: Fireball
  4448 | D:5      | Reached skill level 9 in Conjurations
  4761 | D:5      | Reached skill level 5 in Fire Magic
  4768 | D:5      | Acquired Vehumet's first power
  4768 | D:5      | Offered knowledge of Freeze by Vehumet.
  5026 | D:5      | Reached XP level 8. HP: 41/41 MP: 11/21
  5210 | D:5      | Reached skill level 6 in Fire Magic
  5557 | D:6      | Noticed Menkaure
  5559 | D:6      | Killed Menkaure
  5559 | D:6      | Reached skill level 7 in Fire Magic
  5649 | D:6      | Found an opulent altar of Gozag.
  5851 | D:6      | Reached skill level 8 in Fire Magic
  6216 | D:6      | Noticed Duvessa
  6322 | D:6      | Killed Duvessa
  6496 | D:6      | Noticed Dowan
  6497 | D:6      | Killed Dowan
  6565 | D:6      | Found a staircase to the Ecumenical Temple.
  6672 | D:6      | Reached skill level 9 in Fire Magic
  6866 | D:7      | Noticed Joseph
  7058 | D:7      | Offered knowledge of Sting by Vehumet.
  7062 | D:7      | Reached XP level 9. HP: 29/45 MP: 5/23
  7431 | D:7      | Reached skill level 4 in Spellcasting
  7466 | D:7      | Killed Joseph
  7466 | D:7      | Reached skill level 5 in Spellcasting
  7636 | D:7      | Learned a level 4 spell: Sticky Flame
  7700 | D:7      | Found a basalt altar of Yredelemnul.
  7838 | D:7      | Reached skill level 10 in Conjurations
  7860 | D:7      | Reached skill level 6 in Spellcasting
  8298 | D:7      | Offered knowledge of Throw Frost by Vehumet.
  8437 | D:7      | Reached skill level 7 in Spellcasting
  8502 | D:7      | Noticed a gargoyle
  8507 | D:7      | HP: 10/45 [gargoyle/stone arrow (15)]
  8508 | D:7      | HP: 2/45 [gargoyle/stone arrow (8)]
  8866 | D:8      | Noticed Psyche
  8870 | D:8      | Killed Psyche
  9084 | D:8      | Reached skill level 8 in Spellcasting
  9084 | D:8      | Reached skill level 11 in Conjurations
  9339 | D:8      | Acquired Vehumet's second power
  9499 | D:8      | Noticed a white ugly thing
  9508 | D:8      | Killed a white ugly thing
  9508 | D:8      | Reached XP level 10. HP: 28/50 MP: 18/29
 10225 | D:8      | Reached skill level 12 in Conjurations
 10489 | D:8      | Offered knowledge of Fulminant Prism by Vehumet.
 10490 | D:8      | Noticed a harpy
 10495 | D:8      | Killed a harpy
 10661 | D:8      | Fiveotanaka: weew
 10661 | D:8      | Fiveotanaka: got to lair w/ invo title
 10678 | D:8      | Sixotanaka: so
 10678 | D:8      | Sixotanaka: a friend of mum's had to cancel their reservation to the fat duck
 10678 | D:8      | Sixotanaka: so mum/dad are going tonight
 10811 | D:8      | Noticed Gastronok
 10890 | D:9      | Reached skill level 13 in Conjurations
 11173 | D:9      | Acquired Vehumet's third power
 11189 | D:9      | Found a staircase to the Orcish Mines.
 11534 | D:9      | Offered knowledge of Ignite Poison by Vehumet.
 12337 | D:10     | Entered Level 10 of the Dungeon
 12558 | D:9      | Identified a scroll of acquirement
 12559 | D:9      | Got a brightly glowing buckler
 12565 | D:9      | Identified the -3 buckler of Monotheism {+Blink rElec rCorr Str-5} (You acquired it on level 9 of the Dungeon)
 12565 | D:9      | Lost strength.
 12650 | D:10     | Reached skill level 14 in Conjurations
 12859 | D:10     | Found a staircase to the Lair.
 13107 | D:10     | Learned a level 5 spell: Ignite Poison
 13436 | Lair:1   | Entered Level 1 of the Lair of Beasts
 13436 | Lair:1   | Noticed a five-headed hydra
 13446 | Lair:1   | Killed a five-headed hydra
 13446 | Lair:1   | Reached XP level 11. HP: 29/54 MP: 8/31
 13451 | Lair:1   | HP: 12/54 [blink frog (18)]
 14174 | Lair:1   | Reached skill level 15 in Conjurations
 15331 | Lair:2   | Noticed Fiveotanaka's ghost (powerful MfGl)
 15347 | Lair:2   | HP: 3/54 [Fiveotanaka's ghost (26)]
 15811 | Lair:2   | Fiveotanaka: lagging, rf
 15815 | Lair:2   | Offered knowledge of Poisonous Cloud by Vehumet.
 15945 | Lair:1   | Learned a level 6 spell: Poisonous Cloud
 16287 | Lair:2   | Noticed Fannar
 16292 | Lair:2   | Killed Fannar
 16292 | Lair:2   | Reached skill level 3 in Dodging
 16292 | Lair:2   | Reached skill level 2 in Poison Magic
 16823 | Lair:3   | Reached skill level 4 in Dodging
 16823 | Lair:3   | Reached skill level 9 in Spellcasting
 16944 | Lair:3   | Got a pair of transparent gloves
 16957 | Lair:3   | Reached skill level 3 in Poison Magic
 16998 | Lair:3   | Identified the cursed -7 pair of gloves of Objectivity {Str+3} (You found it on level 3 of the Lair of Beasts)
 17298 | Lair:3   | Reached skill level 5 in Dodging
 17559 | Lair:3   | Noticed a five-headed hydra
 17562 | Lair:3   | Killed a five-headed hydra
 17562 | Lair:3   | Reached skill level 4 in Poison Magic
 17947 | Lair:4   | Reached XP level 12. HP: 59/59 MP: 7/33
 18134 | Lair:4   | Reached skill level 10 in Spellcasting
 18143 | Lair:4   | Reached skill level 6 in Dodging
 19055 | Lair:5   | Reached skill level 5 in Poison Magic
 19185 | Lair:5   | Found a dark tunnel.
 19193 | Volcano  | Entered a volcano
 19218 | Volcano  | Reached skill level 16 in Conjurations
 19451 | Lair:5   | Reached skill level 6 in Poison Magic
 19452 | Lair:5   | Reached skill level 11 in Spellcasting
 19486 | Lair:5   | Offered knowledge of Freezing Cloud by Vehumet.
 19648 | Lair:5   | Found a staircase to the Snake Pit.
 19927 | Lair:5   | Fiveotanaka: whats the beogh status
 19928 | Lair:5   | Found a staircase to the Shoals.
 19929 | Lair:5   | Sixotanaka: ?
 19929 | Lair:5   | Fiveotanaka: on my screen
 19929 | Lair:5   | Sixotanaka: uh
 19929 | Lair:5   | Sixotanaka: wtf
 20111 | Lair:5   | Reached skill level 7 in Poison Magic
 20139 | Lair:5   | Learned a level 2 spell: Repel Missiles
 20429 | Lair:5   | Reached skill level 12 in Spellcasting
 21362 | Lair:6   | Noticed Maud
 21368 | Lair:6   | Killed Maud
 21368 | Lair:6   | Reached XP level 13. HP: 63/63 MP: 9/36
 21731 | Lair:6   | Reached skill level 17 in Conjurations
 21732 | Lair:6   | Reached skill level 13 in Spellcasting
 22991 | Lair:7   | Noticed Snorg
 22996 | Lair:7   | Killed Snorg
 23569 | Lair:7   | Reached skill level 14 in Spellcasting
 23830 | Lair:7   | Offered knowledge of Bolt of Draining by Vehumet.
 23837 | Lair:7   | Learned a level 5 spell: Bolt of Draining
 24652 | Lair:8   | Entered Level 8 of the Lair of Beasts
 25244 | Lair:8   | Reached skill level 18 in Conjurations
 25699 | Lair:8   | Reached skill level 15 in Spellcasting
 25944 | Lair:8   | Found a viscous altar of Jiyva.
 25945 | Lair:8   | Found a staircase to the Slime Pits.
 26534 | Lair:7   | Offered knowledge of Conjure Ball Lightning by Vehumet.
 26748 | Orc:1    | Entered Level 1 of the Orcish Mines
 27879 | Orc:1    | Noticed Prince Ribbit
 27882 | Orc:1    | Killed Prince Ribbit
 27885 | Orc:1    | Reached XP level 14. HP: 68/68 MP: 19/38
 28293 | Orc:2    | Offered knowledge of Ozocubu's Refrigeration by Vehumet.
 28836 | Orc:3    | Found Gheude's Weapon Shoppe.
 28961 | Orc:4    | Entered Level 4 of the Orcish Mines
 29314 | Orc:4    | Reached skill level 1 in Shields
 29692 | Orc:4    | Found Dumuuq's Distillery.
 29692 | Orc:4    | Found Cimn's Antique Armour Emporium.
 29692 | Orc:4    | Found Coshaqis' Gadget Emporium.
 29699 | Orc:4    | Reached skill level 7 in Dodging
 29699 | Orc:4    | Reached skill level 2 in Shields
 30190 | Orc:4    | Found Byfojoq's Book Shoppe.
 30208 | Orc:4    | Bought a plain deck of defence for 224 gold pieces
 30208 | Orc:4    | Bought an ornate deck of changes for 320 gold pieces
 30618 | Orc:4    | Offered knowledge of Poison Arrow by Vehumet.
 30881 | Orc:4    | Reached skill level 1 in Evocations
 31154 | Orc:4    | Reached skill level 3 in Shields
 31267 | Orc:3    | Reached skill level 2 in Evocations
 31426 | Orc:3    | Noticed Urug
 31429 | Orc:3    | Killed Urug
 31634 | Orc:3    | Found a white marble altar of Elyvilon.
 31723 | Orc:3    | Found a staircase to the Elven Halls.
 32194 | Orc:2    | Found Fiha's Quality Used Wands.
 32591 | D:11     | Reached skill level 3 in Evocations
 32815 | D:11     | Noticed Josephine
 32817 | D:11     | Killed Josephine
 32906 | D:11     | Found a portal to a secret trove of treasure.
 32991 | D:11     | Reached skill level 4 in Evocations
 32998 | D:11     | Reached skill level 4 in Shields
 33283 | D:11     | Found a shimmering altar of Xom.
 33655 | D:10     | HP: 8/68 [skeletal warrior/scimitar (20)]
 33979 | D:12     | Noticed Nergalle
 34098 | D:11     | Offered knowledge of Delayed Fireball by Vehumet.
 34108 | D:11     | Learned a level 7 spell: Delayed Fireball
 34188 | D:11     | HP: 16/68 [skeletal warrior/scimitar (19)]
 35034 | D:12     | Got a transparent robe
 35045 | D:12     | Identified the cursed -5 robe of the Merchant {rElec rF+ Int-2} (You found it on level 12 of the Dungeon)
 35054 | D:12     | Killed Nergalle
 35471 | D:12     | Gained mutation: You have large cloven feet. [potion of beneficial mutation]
 35675 | D:12     | Reached skill level 16 in Spellcasting
 36167 | D:12     | Found Migux's General Store.
 36606 | D:13     | Found a runed door.
 37232 | D:13     | Reached skill level 19 in Conjurations
 37621 | D:13     | Got an ancient granite ring
 38162 | D:13     | Found Catsahe's Jewellery Shoppe.
 38169 | D:13     | Bought a +5 ring of evasion for 605 gold pieces
 38365 | D:13     | Reached XP level 15. HP: 61/72 MP: 22/40
 38435 | D:13     | Reached skill level 17 in Spellcasting
 38938 | D:13     | Got a polished helmet
 38949 | D:13     | Identified the +2 helmet of Chay {rF+ rN+ Dex-3} (You found it on level 13 of the Dungeon)
 38985 | D:13     | Identified the ring "Schizit" {+Inv Int+2 Stlth+} (You found it on level 13 of the Dungeon)
 39113 | D:14     | Found a gate to the Vaults.
 39113 | D:14     | Noticed Rupert
 39992 | D:14     | Offered knowledge of Fire Storm by Vehumet.
 39992 | D:14     | Offered knowledge of Chain Lightning by Vehumet.
 39992 | D:14     | Offered knowledge of Tornado by Vehumet.
 40894 | D:14     | Reached skill level 18 in Spellcasting
 40897 | D:14     | Paralysed by Rupert for 3 turns
 40908 | D:14     | Killed Rupert
 40908 | D:14     | Reached skill level 20 in Conjurations
 41088 | D:14     | zzxc: fiveo just left another op ghost
 41088 | D:14     | Fiveotanaka: not my fault theres only around 10-20 people on the server
 41088 | D:14     | zzxc: your lasta one i had to kill
 41088 | D:14     | zzxc: was a broken op ogre
 41088 | D:14     | zzxc: with a DISTORTION WEAPON
 41088 | D:14     | zzxc: WHAT THE FUK
 41088 | D:14     | zzxc: at least have the decency to unwield it before you die
 41088 | D:14     | Fiveotanaka: are you sure they dont just pick weapons at random?
 41088 | D:14     | zzxc: no
 41088 | D:14     | zzxc: https://crawl.project357.org/morgue/Fiveotanaka/morgue-Fiveotanaka-20150324-104352.txt
 41088 | D:14     | zzxc: this was the one
 41088 | D:14     | zzxc: I even looked it up after I saw the ghost
 41088 | D:14     | Fiveotanaka: well you killed it
 41088 | D:14     | zzxc:
 57416 | Snake:2  | Killed Fiveotanaka's ghost
 57417 | Snake:2  | zzxc: what a retarded fight
 41088 | D:14     | zzxc: i had to kill it while kiting it and not getting hit
 41088 | D:14     | Fiveotanaka: clearly my ghosts arent op enough
 41088 | D:14     | Fiveotanaka: as theyve only taken 3 casualties so far
 41088 | D:14     | zzxc: probably because it's me who is clearing them out mostly
 41088 | D:14     | Fiveotanaka: well im going to take the positives out of it :P
 41088 | D:14     | Fiveotanaka: that i have 6 tourney wins so far
 41088 | D:14     | zzxc: yes, your meat grinder strat seems to be working
 41088 | D:14     | zzxc: that death to norris was really unnecesssary
 41088 | D:14     | Fiveotanaka: what would you have done?
 41088 | D:14     | Fiveotanaka: ill admit abyss didnt cross my mind
 41088 | D:14     | Fiveotanaka: so had i thought enough i probably would have done that
 41088 | D:14     | zzxc: would've exited out that staircase and entered elsewhere
 41088 | D:14     | zzxc: and maybe skip the floor
 41088 | D:14     | zzxc: although you had good MR
 41088 | D:14     | zzxc: so you could kill him
 41088 | D:14     | zzxc: but when he went invis you had to disengage
 41863 | D:15     | Entered Level 15 of the Dungeon
 41876 | D:15     | Noticed Louise
 42496 | Snake:1  | Entered Level 1 of the Snake Pit
 42747 | Snake:1  | Reached skill level 10 in Fire Magic
 42759 | Snake:1  | Noticed Nikola
 42759 | Snake:1  | Noticed Aizul
 43100 | Snake:1  | Found a frozen archway.
 43109 | IceCv    | Entered an ice cave
 43434 | IceCv    | Reached skill level 11 in Fire Magic
 43974 | IceCv    | Noticed an Ice Fiend
 44122 | IceCv    | Killed an Ice Fiend
 44122 | IceCv    | Reached skill level 12 in Fire Magic
 44122 | IceCv    | Reached XP level 16. HP: 50/76 MP: 25/41
 45194 | Snake:1  | HP: 12/76 [Nikola/chain lightning (30)]
 45194 | Snake:1  | Killed from afar by Nikola

Vanquished Creatures
  An Ice Fiend (IceCv)
  Rupert (D:14)
  Maud (Lair:6)
  Snorg (Lair:7)
  Josephine (D:11)
  A deep elf high priest (D:13)
  A fire dragon (Lair:8)
  Fannar (Lair:2)
  2 naga warriors (Snake:1)
  3 hydras
  5 rakshasas (D:13)
  A tengu warrior (D:13)
  4 orc high priests (Orc:4)
  Urug (Orc:3)
  5 naga sharpshooters (Snake:1)
  Nergalle (D:12)
  6 ice devils
  4 skeletal warriors
  2 unseen horrors (D:13)
  An orc knight (D:14)
  A fire crab (shapeshifter) (D:13)
  An ice statue (IceCv)
  3 lindwurms
  A hill giant (D:11)
  6 wizards (D:13)
  A harpy (shapeshifter) (D:14)
  5 oklob plants
  2 harpies
  A wolf spider zombie (D:13)
  2 orc sorcerers (Orc:4)
  5 cyclopes
  A salamander (Snake:1)
  4 ugly things
  4 griffons
  3 manticores (D:13)
  6 black mambas
  6 elephants (Lair:5)
  2 sirens (Lair:5)
  Joseph (D:7)
  3 gargoyles
  4 naga magi (Snake:1)
  A queen ant (Lair:5)
  Psyche (D:8)
  8 centaur skeletons
  8 komodo dragons
  11 spiny frogs
  3 fire drakes
  2 kobold demonologists (D:13)
  3 tengu conjurers (D:13)
  2 freezing wraiths (IceCv)
  2 merfolk (Lair:5)
  4 anaconda simulacra (IceCv)
  A polar bear (Lair:5)
  6 two-headed ogres
  Prince Ribbit (Orc:1)
  A golden dragon simulacrum (IceCv)
  7 trolls
  The ghost of Fiveotanaka the Cudgeler, an average DsGl (D:4)
  A boulder beetle (Lair:8)
  3 ravens
  6 blink frogs
  5 slime creatures (D:14)
  3 water elementals (D:14)
  A wolf spider simulacrum (IceCv)
  5 basilisks
  2 trapdoor spiders
  6 wraiths
  2 shadows (D:13)
  4 wyverns
  2 dire elephant simulacra (IceCv)
  4 deep elf magi
  A hog (Volcano)
  2 fire bats (Volcano)
  36 yaks
  4 hungry ghosts
  A deep elf fighter (D:10)
  16 humans
  10 wolves
  14 hippogriffs
  12 vampire mosquitoes
  20 soldier ants (Lair:5)
  2 steam dragons
  A death yak simulacrum (IceCv)
  17 water moccasins
  4 wargs
  Edmund (D:4)
  4 iron troll simulacra (IceCv)
  Menkaure (D:6)
  16 nagas
  3 hydra simulacra (IceCv)
  10 porcupines
  A harpy simulacrum (IceCv)
  A mottled dragon (Lair:8)
  26 orc warriors
  2 swamp drakes (Lair:8)
  A wasp (D:13)
  3 sky beasts
  4 black bears
  A necrophage (D:12)
  An alligator simulacrum (IceCv)
  2 eyes of draining
  8 ice beasts
  4 boggarts (D:13)
  10 centaurs
  2 big kobolds
  2 phantoms
  12 ogres
  10 crocodiles
  Duvessa (D:6)
  A boring beetle (Lair:8)
  18 giant frogs
  4 scorpions
  6 killer bees (D:9)
  A water moccasin skeleton (D:8)
  13 wights
  A swamp dragon simulacrum (IceCv)
  4 jellies
  3 draconian simulacra (IceCv)
  Dowan (D:6)
  5 crimson imps
  A wasp zombie (D:9)
  5 centaur zombies
  7 electric eels
  2 gnoll shamans
  4 goliath beetles
  9 hounds
  38 orc wizards
  An elf zombie (D:14)
  4 giant frog zombies
  42 orc priests
  11 iguanas
  A giant frog skeleton (D:12)
  4 troll simulacra (IceCv)
  29 worker ants
  Natasha (D:3)
  A spriggan simulacrum (IceCv)
  15 sheep
  3 centaur simulacra (IceCv)
  A polar bear simulacrum (IceCv)
  A wolf simulacrum (IceCv)
  2 hound zombies
  A hound skeleton (D:11)
  19 gnolls
  24 adders
  A worker ant zombie (D:8)
  2 naga simulacra (IceCv)
  74 river rats
  A giant mite (D:6)
  5 shadow imps
  7 white imps (IceCv)
  4 worms
  5 ufetubi (IceCv)
  2 adder skeletons
  170 orcs
  24 bats
  A bat skeleton (D:6)
  A bat zombie (D:6)
  5 giant cockroaches
  19 goblins
  16 hobgoblins
  24 kobolds
  9 quokkas
  2 ball pythons
  A ball python skeleton (D:5)
  8 giant geckos
  A giant gecko skeleton (D:5)
  7 giant newts
  11 jackals
  A quokka skeleton (D:8)
  21 rats
  A bush (Lair:2)
  5 fungi (Lair:7)
  14 plants
1202 creatures vanquished.

Vanquished Creatures (others)
  A black bear (D:14)
  3 white imps (IceCv)
  2 ufetubi (IceCv)
  A bush (D:15)
  8 fungi
  2 plants (Lair:7)
17 creatures vanquished.

Grand Total: 1219 creatures vanquished
